 Dungeon Crawl Stone Soup version 0.18.1-8-gdd0e5ea (webtiles) character file.

35621 georgeearnest the Nimble (level 13, -7/90 HPs)
             Began as a White Draconian Monk on May 27, 2016.
             Was a High Priest of Nemelex Xobeh.
             Blown up by a cacodemon (22 damage)
             ... with a bolt of energy
             ... on level 3 of the Abyss on May 28, 2016.
             The game lasted 01:11:12 (18023 turns).

georgeearnest the Nimble (White Draconian Monk)    Turns: 18023, Time: 01:11:13

Health: -7/90      AC: 16    Str: 15 (16) XL:     13   Next: 48%
Magic:  10/17      EV: 27    Int:  9 (10) God:    Nemelex Xobeh [*****.]
Gold:   1116       SH:  6    Dex: 22      Spells: 0 memorised, 12 levels left

rFire  . . .     SeeInvis .       - Unarmed
rCold  + . .     Gourm    .     (armour unavailable)
rNeg   . . .     Faith    .     G - +0 buckler
rPois  .         Spirit   .     (helmet restricted)
rElec  .         Dismiss  .     f - +2 cloak
rCorr  .         Reflect  .     A - +0 pair of gloves
SustAt .         Harm     .     (no boots)
MR     .....     Rnd*Rage +     R - amulet of regeneration
Stlth  +++....... Rnd*Tele +    K - +3 ring of strength
                                p - +4 ring of protection

@: not resistant to hostile enchantments, fairly stealthy
A: breathe frost, unfitting armour, agile 1, berserk 2, blurry vision 2, cold
resistance 1, deterioration 2, frail 2, screaming 2, teleportitis 2,
cold-blooded, AC +8
a: Breathe Frost, Triple Draw, Deal Four, Stack Five, Renounce Religion


You were on level 3 of the Abyss.
You worshipped Nemelex Xobeh.
Nemelex Xobeh was extremely pleased with you.
You were not hungry.

You visited 2 branches of the dungeon, and saw 15 of its levels.
You visited the Abyss 2 times.
You also visited: Labyrinth.

You collected 1116 gold pieces.

Inventory:

Armour
 f - a +2 cloak (worn)
 A - a +0 pair of gloves (worn)
 G - a +0 buckler (worn)
Jewellery
 d - an uncursed ring of protection from magic {unknown}
 p - a +4 ring of protection (left hand)
 y - an uncursed ring of protection from fire
 E - an uncursed ring of see invisible
 K - a +3 ring of strength (right hand)
 R - an amulet of regeneration (around neck)
 S - an uncursed ring of protection from cold {unknown}
Wands
 u - a wand of polymorph (12/24)
 w - a wand of iceblast (5/15)
 Q - a wand of teleportation (3/9)
Scrolls
 e - 4 scrolls of remove curse
 g - a scroll of identify
 k - a scroll of random uselessness {unknown}
 m - 4 scrolls of fog
 s - a scroll of magic mapping {unknown}
 t - 2 scrolls of fear
 x - 2 scrolls of immolation
 D - 3 scrolls of recharging
 J - 4 scrolls of teleportation
 M - 3 scrolls of enchant armour {unknown}
Potions
 b - a potion of cure mutation {unknown}
 c - 2 potions of might
 i - a potion of magic
 l - a potion of degeneration {unknown}
 r - 2 potions of ambrosia
 z - a potion of brilliance {unknown}
 B - 4 potions of flight {unknown}
 N - 4 potions of lignification {unknown}
 P - a potion of berserk rage {unknown}
 W - a potion of cancellation {unknown}
 X - 2 potions of heal wounds {unknown}
Miscellaneous
 v - a plain deck of escape {drawn: 1}
 H - an ornate deck of destruction {drawn: 9}
 O - an ornate deck of escape {drawn: 7}
 T - an ornate deck of escape
 Y - a plain deck of destruction {drawn: 6}
Comestibles
 a - a bread ration
 j - 7 beef jerkies
 V - a meat ration


   Skills:
 + Level 10.2 Fighting
 + Level 14.3 Dodging
 + Level 5.7 Stealth
 + Level 4.6 Shields
 + Level 12.0 Unarmed Combat
 + Level 6.2 Evocations


You had 12 spell levels left.
You didn't know any spells.

Dungeon Overview and Level Annotations

Branches:
Dungeon (15/15)            Temple (0/1) D:6          Vaults (0/5) D:13
 Depths (1/5) D:15
   Lair: D:8-11         Orc: D:9-12

Altars:
Ashenzari
Dithmenos
Fedhas
Gozag
Kikubaaqudgha
Nemelex Xobeh
Okawaru
Qazlal
Sif Muna
Xom
Yredelemnul
Zin
The Shining One

Shops:
D:4 *   D:7 =   D:13 *


Innate Abilities, Weirdness & Mutations

You can breathe waves of freezing cold.
You can buffet flying creatures when you breathe cold.
Your icy white scales are hard (AC +8).
Your body does not fit into most forms of armour.
Your flesh is cold resistant.
You are cold-blooded and may be slowed by cold attacks.
You are agile. (Dex +2)
[You often lose your temper in combat.]
[Scrolls take you longer to read.]
[Your body often deteriorates upon taking damage.]
[You are very frail (-20% HP).]
[You sometimes yell uncontrollably at your foes.]
[You are sometimes teleported next to monsters.]


Message History

You hear a grinding noise.
The wretched star glows turbulently.
You block the orb of energy.
The orb of energy explodes!
You hear a grinding noise.
The wretched star pulses with an eldritch light!
You feel a little pissed off.
You feel angry.
The wretched star glows turbulently.
The orb of energy hits you!
* * * LOW HITPOINT WARNING * * *
You yell at the fire dragon zombie!
A fire dragon zombie comes into view.
You hear a grinding noise.
You yell at the sixfirhy!
A sixfirhy comes into view.
A cacodemon comes into view.
You hear a shout!
You hear a screech!
You hear a shout!
You hear a howl!
The cacodemon gestures at you. The bolt of energy hits you!
You die...
Your body glows slightly and disappears.

. . ... . #...##.
#.... # #...# #.
#...#
.###.##.#.##
...4.......## #..
...2........####
. ... #@.........
. ######..#..#..
. #. ##..#...
...#
#.##.###......##
#.*##.#.... #
####........ ...
##.#.........####
#....*.#Z....#
#*#.#.##.......


You could see a cacodemon and a sixfirhy.

Vanquished Creatures
  A tentacled starspawn (Abyss:3)
  A vault guard (D:13)
  The ghost of eragonby the Grappler, a journeyman TrMo of Okawaru (D:11)
  A minotaur (Lab)
  A yaktaur captain (D:15)
  A hydra (D:14)
  Erolcha (D:13)
  A catoblepas (D:15)
  A centaur warrior (D:15)
  A death knight (D:15)
  A wretched star (Abyss:3)
  A skeletal warrior (D:15)
  2 unseen horrors
  A lindwurm (D:14)
  3 hill giants
  A deep elf mage (D:11)
  5 ugly things
  2 manticores (D:15)
  A sixfirhy (Abyss:3)
  Maurice (D:12)
  2 gargoyles
  An orange demon (Abyss:3)
  A yaktaur (D:15)
  An efreet (D:15)
  2 freezing wraiths
  A tengu conjurer (D:15)
  2 trolls (D:13)
  4 slime creatures (D:11)
  A two-headed ogre (D:11)
  2 redbacks (Lab)
  A vampire (D:11)
  A large abomination (Abyss:2)
  A yak (shapeshifter) (D:14)
  6 yaks (D:13)
  2 wyverns
  A water elemental (Depths:1)
  3 wraiths
  16 humans (D:13)
  4 hippogriffs
  5 hungry ghosts
  A steam dragon (D:12)
  A chaos spawn (Abyss:3)
  4 vampire mosquitoes
  A soldier ant (D:12)
  A water moccasin (D:9)
  Duvessa (D:5)
  An orc warrior (D:12)
  6 ice beasts
  4 sky beasts
  A black bear (D:6)
  3 phantoms
  6 ogres
  A wolf (D:14)
  3 centaurs
  3 big kobolds (D:11)
  9 giant frogs
  3 small abominations (Abyss:3)
  Dowan (D:5)
  2 scorpions
  A water moccasin skeleton (D:8)
  2 wyvern skeletons
  7 killer bees
  9 wights
  8 howler monkeys
  An electric eel (D:9)
  2 crimson imps
  2 giant frog zombies
  6 orc wizards
  2 centaur zombies
  2 jellies
  An orc priest (D:6)
  2 centaur skeletons
  7 hounds
  2 giant frog skeletons
  Ijyb (D:3)
  An iguana (D:8)
  A hell rat (D:4)
  10 worker ants
  4 gnolls
  9 adders
  6 shadow imps
  2 white imps (D:9)
  A worker ant simulacrum (D:9)
  3 ufetubi (D:9)
  An adder skeleton (D:9)
  An adder zombie (D:5)
  2 worms
  2 dart slugs
  8 giant geckos
  24 orcs
  12 giant cockroaches
  22 goblins
  8 hobgoblins
  14 jackals
  4 quokkas
  2 ball pythons
  9 bats
  A giant gecko skeleton (D:8)
  6 giant newts
  22 kobolds
  2 quokka zombies
  6 rats
375 creatures vanquished.

Vanquished Creatures (collateral kills)
  The ghost of eragonby the Grappler, a novice TrMo of Okawaru (D:11)
  A tengu warrior (D:14)
  The ghost of jacquesderrida the Poker, a novice DsSk of Ashenzari (D:11)
  A wizard (D:13)
  A necromancer (D:13)
  2 hill giants
  An ugly thing (D:12)
  A hellion (Abyss:2)
  A polar bear (D:9)
  A raiju (Abyss:3)
  6 humans (D:13)
  A hungry ghost (D:11)
  3 vampire mosquitoes (D:13)
  A large abomination (Abyss:3)
  2 sky beasts
  An ogre (D:6)
  A phantom (D:4)
  4 centaurs
  A big kobold (D:12)
  A killer bee (D:11)
  A jelly (D:6)
  4 wights
  2 orc priests
  A giant frog skeleton (D:11)
  2 white imps (D:9)
  6 orcs
  7 kobolds
55 creatures vanquished.

Vanquished Creatures (others)
  A sky beast (D:3)
  8 plants (D:9)
  7 starspawn tentacles (Abyss:3)
  222 starspawn tentacle segments (Abyss:3)
238 creatures vanquished.

Grand Total: 668 creatures vanquished

Notes
Turn   | Place    | Note
--------------------------------------------------------------
     0 | D:1      | georgeearnest the Draconian Monk began the quest for the Orb.
     0 | D:1      | Reached XP level 1. HP: 19/19 MP: 1/1
   374 | D:1      | Reached XP level 2. HP: 18/26 MP: 2/2
   833 | D:1      | Reached skill level 3 in Dodging
  1518 | D:2      | Reached XP level 3. HP: 30/31 MP: 3/3
  1737 | D:2      | Noticed Robin
  2105 | D:3      | Found a sparkling altar of Nemelex Xobeh.
  2113 | D:3      | Became a worshipper of Nemelex Xobeh the Trickster
  2113 | D:3      | Received a gift from Nemelex Xobeh
  2113 | D:3      | Reached * piety under Nemelex Xobeh
  2113 | D:3      | Received a gift from Nemelex Xobeh
  2113 | D:3      | Received a gift from Nemelex Xobeh
  2113 | D:3      | Reached ** piety under Nemelex Xobeh
  2136 | D:3      | Received a gift from Nemelex Xobeh
  2166 | D:3      | Found a glowing silver altar of Zin.
  2167 | D:3      | Noticed an angel
  2168 | D:3      | Found a shimmering altar of Xom.
  2176 | D:3      | Killed a sky beast
  2188 | D:3      | Reached XP level 4. HP: 27/40 MP: 4/4
  2288 | D:3      | Found a glowing golden altar of the Shining One.
  2369 | D:3      | Found a deep blue altar of Sif Muna.
  2373 | D:3      | Found a shadowy altar of Dithmenos.
  2373 | D:3      | Found a shattered altar of Ashenzari.
  2473 | D:3      | Found an ancient bone altar of Kikubaaqudgha.
  2603 | D:3      | Noticed Ijyb
  2622 | D:3      | Killed Ijyb
  2622 | D:3      | Reached skill level 4 in Dodging
  2788 | D:2      | Noticed Robin
  2788 | D:2      | Robin changed into Robin the bat
  2811 | D:2      | Killed Robin the bat
  2828 | D:2      | Reached XP level 5. HP: 36/46 MP: 5/5
  2854 | D:2      | Received a gift from Nemelex Xobeh
  3153 | D:4      | Noticed an ogre
  3155 | D:4      | Killed an ogre
  3243 | D:4      | Noticed a phantom
  3281 | D:4      | Killed a phantom
  3281 | D:4      | Reached skill level 5 in Dodging
  3281 | D:4      | Reached skill level 1 in Evocations
  3281 | D:4      | Reached XP level 6. HP: 45/52 MP: 6/6
  3355 | D:4      | Received a gift from Nemelex Xobeh
  3496 | D:4      | Found Faojy's General Store.
  3499 | D:4      | Reached *** piety under Nemelex Xobeh
  4002 | D:4      | Reached skill level 5 in Unarmed Combat
  4116 | D:5      | Entered Level 5 of the Dungeon
  4169 | D:5      | Your scales start taking on an icy white colour.
  4169 | D:5      | Reached XP level 7. HP: 60/60 MP: 8/8
  4169 | D:5      | Gained mutation: Your flesh is cold resistant. [White Draconian growth]
  4239 | D:5      | Noticed Duvessa
  4241 | D:5      | Noticed Dowan
  4241 | D:5      | Killed Duvessa
  4255 | D:5      | Killed Dowan
  4312 | D:5      | Received a gift from Nemelex Xobeh
  4889 | D:6      | Found a sparkling altar of Nemelex Xobeh.
  4910 | D:6      | Reached skill level 6 in Dodging
  5102 | D:6      | Reached skill level 5 in Fighting
  5149 | D:6      | Reached XP level 8. HP: 57/68 MP: 9/9
  5291 | D:6      | Received a gift from Nemelex Xobeh
  5387 | D:6      | Reached skill level 7 in Dodging
  5635 | D:6      | Found an iron altar of Okawaru.
  5803 | D:6      | Found a staircase to the Ecumenical Temple.
  6104 | D:7      | Reached **** piety under Nemelex Xobeh
  6487 | D:7      | Found an opulent altar of Gozag.
  6722 | D:7      | Found a basalt altar of Yredelemnul.
  6820 | D:7      | Found Vohuxups's Jewellery Shoppe.
  6911 | D:7      | Reached XP level 9. HP: 72/75 MP: 11/11
  6971 | D:7      | Received a gift from Nemelex Xobeh
  7432 | D:8      | Reached skill level 8 in Dodging
  8079 | D:8      | Received a gift from Nemelex Xobeh
  8299 | D:9      | Noticed a polar bear
  8332 | D:9      | Killed a polar bear
  8608 | D:9      | Reached skill level 9 in Dodging
  8781 | D:9      | Gained mutation: You are agile. (Dex +2) [helix card]
  8790 | D:9      | You fall through a shaft for 3 floors!
  8962 | D:12     | Received a gift from Nemelex Xobeh
  9061 | D:12     | Reached ***** piety under Nemelex Xobeh
  9103 | D:12     | Reached XP level 10. HP: 76/84 MP: 12/12
  9547 | D:12     | Noticed a hill giant
  9555 | D:12     | Killed a hill giant
  9600 | D:12     | Noticed a purple ugly thing
  9606 | D:12     | Killed a purple ugly thing
  9642 | D:12     | Noticed Maurice
  9643 | D:12     | Received a gift from Nemelex Xobeh
  9730 | D:12     | Noticed a hill giant
  9749 | D:12     | Killed a hill giant
  9749 | D:12     | Reached skill level 10 in Dodging
  9962 | D:12     | Killed Maurice
 10113 | D:12     | Noticed a cyan ugly thing
 10139 | D:12     | Killed a cyan ugly thing
 10350 | D:11     | Noticed eragonby's ghost (novice TrMo)
 10371 | D:11     | Noticed jacquesderrida's ghost (novice DsSk)
 10381 | D:11     | Killed jacquesderrida's ghost
 10425 | D:11     | Killed eragonby's ghost
 10509 | D:11     | Noticed a hill giant
 10515 | D:11     | Reached XP level 11. HP: 43/94 MP: 13/13
 10522 | D:11     | Killed a hill giant
 10544 | D:11     | Noticed a hill giant
 10562 | D:11     | Killed a hill giant
 10562 | D:11     | Reached skill level 11 in Dodging
 10768 | D:11     | Noticed eragonby's ghost (journeyman TrMo)
 10806 | D:11     | Killed eragonby's ghost
 11002 | D:11     | Received a gift from Nemelex Xobeh
 11182 | D:11     | Received a gift from Nemelex Xobeh
 11213 | D:11     | Reached skill level 10 in Unarmed Combat
 11252 | D:11     | Noticed a deep elf mage
 11252 | D:11     | Killed a deep elf mage
 11252 | D:11     | Reached skill level 5 in Stealth
 11494 | D:11     | Noticed an unseen horror
 11507 | D:11     | Killed an unseen horror
 11697 | D:11     | Received a gift from Nemelex Xobeh
 12059 | D:13     | Found a labyrinth entrance.
 12066 | Lab      | Entered a labyrinth
 13213 | Lab      | Received a gift from Nemelex Xobeh
 13318 | Lab      | Noticed a minotaur
 13324 | Lab      | Drew Focus: Dex increased to 18, Int decreased to 10
 13326 | Lab      | Killed a minotaur
 13326 | Lab      | Reached skill level 12 in Dodging
 13326 | Lab      | Reached skill level 5 in Evocations
 13493 | D:13     | Noticed Erolcha
 13499 | D:13     | Cast into level 2 of the Abyss (Erolcha)
 13638 | Abyss:2  | Noticed a thrashing horror
 13642 | Abyss:2  | Noticed a starcursed mass
 13643 | Abyss:2  | Noticed a thrashing horror
 13651 | Abyss:2  | Noticed a wretched star
 13778 | Abyss:3  | Noticed a wretched star
 13781 | Abyss:3  | Killed a wretched star
 13804 | Abyss:3  | Noticed a lich
 13831 | D:13     | Escaped the Abyss
 13834 | D:13     | Killed Erolcha
 13834 | D:13     | Reached skill level 1 in Shields
 13987 | D:13     | Reached XP level 12. HP: 86/104 MP: 12/12
 14168 | D:13     | Received a gift from Nemelex Xobeh
 14376 | D:13     | Found Kamma's General Store.
 14545 | D:13     | Found a gate to the Vaults.
 14549 | D:13     | Noticed a vault guard
 14564 | D:13     | Killed a vault guard
 14564 | D:13     | Reached skill level 13 in Dodging
 14749 | D:13     | Received a gift from Nemelex Xobeh
 15047 | D:14     | Reached ****** piety under Nemelex Xobeh
 15145 | D:14     | Found a stormy altar of Qazlal.
 15150 | D:14     | Noticed an eight-headed hydra
 15157 | D:14     | Killed an eight-headed hydra
 15649 | D:14     | Received a gift from Nemelex Xobeh
 15780 | D:14     | Noticed a tengu warrior
 15809 | D:14     | Killed a tengu warrior
 16111 | D:15     | Entered Level 15 of the Dungeon
 16297 | D:15     | Noticed a death knight
 16299 | D:15     | Killed a death knight
 16338 | D:15     | Reached XP level 13. HP: 41/112 MP: 17/17
 16720 | D:15     | Reached skill level 14 in Dodging
 16838 | D:15     | Received a gift from Nemelex Xobeh
 17241 | D:15     | Reached skill level 10 in Fighting
 17242 | D:15     | Found a staircase to the Depths.
 17285 | D:15     | Found a blossoming altar of Fedhas.
 17467 | Depths:1 | Entered Level 1 of the Depths
 17475 | Depths:1 | Noticed a white very ugly thing
 17500 | Depths:1 | Noticed a lich
 17501 | Depths:1 | Noticed a fire giant
 17501 | Depths:1 | Noticed a fire dragon
 17505 | Depths:1 | Cast into level 3 of the Abyss (a lich)
 17634 | Abyss:3  | Noticed a blizzard demon
 17647 | Abyss:3  | Noticed a bone dragon
 17681 | Abyss:3  | Noticed a tentacled starspawn
 17704 | Abyss:3  | Noticed a starcursed mass
 17721 | Abyss:3  | Noticed a tentacled starspawn
 17728 | Abyss:3  | Received a gift from Nemelex Xobeh
 17747 | Abyss:3  | Found a radiant altar of Vehumet.
 17785 | Abyss:3  | Killed a tentacled starspawn
 17877 | Abyss:3  | Found a radiant altar of Vehumet.
 17960 | Abyss:3  | Noticed a tentacled starspawn
 18023 | Abyss:3  | Noticed a cacodemon
 18023 | Abyss:3  | Blown up by a cacodemon

Skill      XL: |  1  2  3  4  5  6  7  8  9 10 11 12 13 |
---------------+----------------------------------------+-----
Dodging        | 3 4 5 6 7 9 10 12 13 14 | 14.3
Stealth        | 2 3 4 5 |  5.7
Fighting       | 4 5 6 8 9 10 | 10.2
Evocations     | 1 2 3 5 6 |  6.2
Unarmed Combat | 5 6 8 9 10 11 12 | 12.0
Shields        | 1 4 |  4.6

Action                   |  1- 3 |  4- 6 |  7- 9 | 10-12 | 13-15 || total
-------------------------+-------+-------+-------+-------+-------++-------
Melee: Unarmed           |   144 |   206 |   484 |   822 |   210 ||  1866
       Tailslap          |    13 |    26 |    83 |   171 |    47 ||   340
       Punch             |     3 |     1 |    16 |    28 |       ||    48
Invok: Deal Four         |       |       |       |       |     3 ||     3
 Abil: Breathe Frost     |       |       |       |     3 |       ||     3
Evoke: Deck              |       |    18 |    28 |    79 |    14 ||   139
       Wand              |       |       |     1 |       |     1 ||     2
  Use: Scroll            |       |       |       |    15 |     6 ||    21
       Potion            |       |       |       |     5 |     7 ||    12
 Stab: Sleeping          |     2 |     4 |     3 |     4 |       ||    13
       Distracted        |       |       |       |     1 |     1 ||     2
  Eat: Bread ration      |     1 |       |       |     3 |     1 ||     5
       Meat ration       |       |     1 |     3 |     2 |     2 ||     8
       Pizza             |       |       |     1 |     1 |       ||     2
       Beef jerky        |       |       |     1 |     2 |     1 ||     4
       Chunk             |       |       |       |     1 |       ||     1
Armor: Skin              |    71 |    89 |   170 |   225 |    62 ||   617
Dodge: Dodged            |   123 |   226 |   429 |   885 |   291 ||  1954
Block: Buckler           |       |       |       |   120 |    74 ||   194
       Other             |       |       |       |     1 |       ||     1
